 Dungeon Crawl Stone Soup version 0.28-a0-245-g639a1a48b9 (webtiles) character file.

Game seed: 1576743220598453236

231 willcat the Covert (level 6, 0/37 HPs)
             Began as a Kobold Delver on Aug 25, 2021.
             Slain by a gnoll (4 damage)
             ... on level 5 of the Dungeon.
             The game lasted 00:01:09 (1036 turns).

willcat the Covert (Kobold Delver)                  Turns: 1036, Time: 00:01:10

Health: 0/37       AC:  3    Str:  9    XL:     6   Next: 24%
Magic:  15/15      EV: 15    Int: 12    God:
Gold:   54         SH:  6    Dex: 18    Spells: 5/5 levels left

rFire   . . .      SeeInvis .   a - +0 short sword
rCold   . . .      Faith    .   i - +1 buckler "Peuce" {rN+ MP+9}
rNeg    + . .      Spirit   .   b - +0 leather armour
rPois   .          Reflect  .   (no helmet)
rElec   .          Harm     .   (no cloak)
rCorr   .          Rampage  .   (no gloves)
Will    .....                   (no boots)
Stlth   +++++.....              (no amulet)
HPRegen 0.12/turn               (no ring)
MPRegen 0.14/turn               (no ring)

@: no status effects
A: small, no large weapons, nightstalker 3
a: no special abilities


You were on level 5 of the Dungeon.
You visited 1 branch of the dungeon, and saw 1 of its levels.

You collected 54 gold pieces.

Inventory:

Hand Weapons
 a - a +0 short sword (weapon)
Armour
 b - a +0 leather armour (worn)
 i - the +1 buckler "Peuce" (worn) {rN+ MP+9}
   (You found it on level 5 of the Dungeon)

   rN:        It protects you from negative energy.
   MP:        It affects your magic capacity (+9).
Jewellery
 j - a ring of see invisible
Wands
 g - a wand of digging (3)
 h - a wand of acid (1)
Scrolls
 c - a scroll of fog
 d - a scroll of magic mapping
 e - a scroll of fear
Potions
 f - a potion of haste


   Skills:
 - Level 3.2 Fighting
 + Level 4.7 Short Blades
 + Level 4.3 Dodging
 + Level 8.0 Stealth
 + Level 1.5 Shields


You had 5 spell levels left.
You didn't know any spells.
Your spell library contained the following spells:

 Spells                   Type           Power      Damage    Failure   Level
 Ozocubu's Armour         Ice            0%         N/A       90%         3
 Metabolic Englaciation   Hex/Ice        0%         N/A       100%        5
 Simulacrum               Ice/Necr       0%         N/A       100%        6


Dungeon Overview and Level Annotations

Branches:
Dungeon (5/15)
 Temple: D:4-7

Altars:

Annotations:
D:5 3 runed translucent doors


Innate Abilities, Weirdness & Mutations

You are small and have problems with some larger weapons.
You are completely attuned to the shadows.


Message History

A gnoll shaman comes into view. It is wielding a +0 whip.
A gnoll comes into view. It is wielding a +0 whip.
Found a book of Winter.
The helpless gnoll fails to defend itself.
You impale the gnoll!!
You kill the gnoll!
Your Stealth skill increases to level 8!
A gnoll comes into view. It is wielding a +0 club.
The gnoll shaman shouts!
Unknown command.
Found a scale mail.
The gnoll shaman hits you with a +0 whip.
You see here a book of Winter.
You pick up a book of Winter and begin reading...
You add the spells Ozocubu's Armour, Metabolic Englaciation and Simulacrum to your library.
The gnoll closely misses you. You block the gnoll shaman's attack.
The gnoll misses you.
The gnoll throws a throwing net.
The throwing net hits you.
You become entangled in the net!
There is a stone staircase leading down here.
You see here a throwing net.
You struggle against the net.
The gnoll shouts!
The gnoll shaman calls upon its god to speed up the gnoll.
The gnoll seems to speed up.
Unknown command.
You struggle against the net.
The gnoll shaman hits you with a +0 whip.
The gnoll hits you with a +0 whip!
Unknown command.
You struggle against the net.
The gnoll hits you with a +0 whip.
The gnoll shaman hits you with a +0 whip!
The gnoll closely misses you. The gnoll hits you with a +0 club.
* * * LOW HITPOINT WARNING * * *
Unknown command.
You shred the net and break free! The gnoll shaman barely misses you.
The gnoll hits you with a +0 whip.
* * * LOW HITPOINT WARNING * * *
The gnoll hits you with a +0 club.
You die...

#####.+.(.
#..(..#...
##.....#(..
#...#.########.
...##..# #....##
...†..## #..[..#
#.....## #.....#
....#..# #....##
....#..####@g...##
.#####...#.gg....#
##.....)...#...
#...#......# ..
#....##.....# .
##...#......#
#..........#
........#


You could see a gnoll shaman and 2 gnolls.

Vanquished Creatures
  A centaur (D:5)
  A scorpion (D:5)
  A wight (D:5)
  A centaur zombie (D:5)
  A gnoll (D:5)
  4 orcs (D:5)
  3 jackals (D:5)
12 creatures vanquished.

Notes
Turn   | Place    | Note
-------+----------+-------------------------------------------
     0 | D:5      | willcat the Kobold Delver began the quest for the Orb.
     0 | D:5      | Reached XP level 1. HP: 14/14 MP: 1/1
   338 | D:5      | Noticed a wight
   366 | D:5      | Killed a wight
   367 | D:5      | Reached skill level 7 in Stealth
   367 | D:5      | Reached XP level 2. HP: 19/19 MP: 2/2
   367 | D:5      | Reached XP level 3. HP: 23/23 MP: 3/3
   373 | D:5      | Identified the +1 buckler "Peuce" {rN+ MP+9}
   465 | D:5      | Reached XP level 4. HP: 28/28 MP: 4/4
   672 | D:5      | Noticed a centaur
   678 | D:5      | Killed a centaur
   679 | D:5      | Reached skill level 1 in Shields
   679 | D:5      | Reached XP level 5. HP: 3/32 MP: 5/5
   997 | D:5      | Found a runed translucent gate.
   998 | D:5      | Found a runed translucent gate.
   999 | D:5      | Found a runed translucent gate.
  1013 | D:5      | Reached XP level 6. HP: 37/37 MP: 6/6
  1024 | D:5      | Reached skill level 8 in Stealth
  1036 | D:5      | Slain by a gnoll

Illustrated notes

Levels and vault maps discovered:
D:5:      kennysheep_six_static_rooms, layout_cave_pools,
          ebering_ghost_rock_garden, minmay_fractal_squares_gapless_5,
          uniq_sigmund, uniq_pikel

Skill      XL: |  1  2  3  4  5  6 |
---------------+-------------------+-----
Short Blades   | 3 4 |  4.7
Dodging        | 3 4 |  4.3
Stealth        | 7 8 |  8.0
Shields        | 1 |  1.5
Fighting       | |  3.2

Action                   |  1- 3 |  4- 6 || total
-------------------------+-------+-------++-------
Melee: Short sword       |     9 |    34 ||    43
Evoke: Wand              |     2 |     3 ||     5
 Stab: Distracted        |     1 |       ||     1
       Sleeping          |     3 |     2 ||     5
Armor: Leather armour    |     2 |    11 ||    13
Dodge: Dodged            |     1 |    39 ||    40
Block: Buckler           |     1 |    15 ||    16

Table legend: (Time is in decaauts)
 A = Elapsed time spent in this place.
 B = Non-inter-level travel time spent in this place.
 C = Inter-level travel time spent in this place.
 D = Time resting spent in this place.
 E = Time spent auto-exploring this place.
 F = Levels seen in this place.
 G = Mean time per level.
                   A        B        C        D        E       F      G
               +--------+--------+--------+--------+--------+-----+--------+
         Total |   1036 |   1036 |      0 |    661 |    214 |   1 | 1036.0 |
       Dungeon |   1036 |   1036 |      0 |    661 |    214 |   1 | 1036.0 |
               +--------+--------+--------+--------+--------+-----+--------+

Top non-repeatable levels by time:
     D:5: 1036 daAuts
